woodfighter, chaotic female orcish Barbarian ------- |...<%| |.....| |....^.## s |.^.%%|## H |.\@.^H# ---------- ---.-- # |........| `#######.........| |........+ ---------- woodfighter the Barbarian Experience level: 9 Strength: 18/19 Dexterity: 17 Constitution: 18 Intelligence: 8 Wisdom: 8 Charisma: 7 Health: 0(68) Energy: 21(21) Def: 11 Gold: 0 Moves: 15044 Dungeon seed [set]: Game ID: woodfighter_1679079889 Your Inventory: Weapons a - an uncursed +0 battle-axe (weapon in hands) M - 3 blessed +11 daggers named Orphan Maker (in quiver) X - a cursed -2 elven dagger Y - a cursed -3 elven dagger Armor e - a blessed +3 set of gray dragon scales (being worn) f - an uncursed +0 pair of gauntlets of dexterity (being worn) g - an uncursed burnt +0 pair of speed boots (being worn) n - an uncursed thoroughly rusty +0 helm of telepathy (being worn) r - an uncursed +0 leather armor (being worn) Comestibles c - 5 uncursed food rations l - an uncursed tin of gnome meat Z - an uncursed lizard corpse Rings p - an uncursed ring of free action (on left hand) E - an uncursed ring of see invisible (on right hand) Wands d - an uncursed wand of digging (0:7) u - an uncursed wand of speed monster (0:5) Tools b - an uncursed stethoscope q - an uncursed +0 unicorn horn s - an uncursed sack t - an uncursed +0 pick-axe (alternate weapon; not wielded) y - an uncursed lock pick W - an uncursed towel Gems z - 4 uncursed diamonds I - a blessed luckstone Contents of the sack: 678 gold pieces an uncursed [+0] mummy wrapping a [uncursed] scroll of enchant weapon a [uncursed] scroll of fire a [uncursed] scroll of teleportation a [cursed] potion of blindness a [uncursed] potion of fruit juice a [uncursed] potion of hallucination a [blessed] potion of invisibility a [blessed] potion of oil an uncursed [+0] unicorn horn Spells and supernatural/magical abilities: Name Level Category Fail Memory W - pray for help -- divine ? -- Your skills at the end: Miscellaneous Skills bare handed combat [Basic] stealth [Basic] Weapon Skills axe [Expert] short sword [Basic] Spellcasting Skills Final Attributes: You were piously aligned. You were cold resistant. You were sleep resistant. You were poison resistant. You were magic-protected. You saw invisible. You were telepathic. You had infravision. You were somewhat stealthy. You were protected. You were very fast. You had free action. You were extremely lucky. You had extra luck. Good luck did not time out for you. You are dead. Vanquished creatures: a vampire lord a clay golem 2 nurses 2 frost giants a vampire 2 ghosts 2 giant mimics a fire giant a flesh golem 2 long worms 3 stalkers 2 giant zombies a quantum mechanic a small mimic a glass piercer 2 warhorses 3 xans an ettin mummy an ogre lord 2 sasquatches a werebear 2 pyrolisks a large dog 5 shocking spheres a tiger a gargoyle 2 dwarf kings 2 tengu a gelatinous cube a crocodile a chameleon a leocrotta an energy vortex 4 giants a human mummy a red naga 3 Grey-elves a python 2 black bears 4 wraiths an ettin zombie an incubus 4 giant beetles 2 cockatrices 5 wolves 2 panthers 4 leprechauns a quivering blob a lizard a mumak 2 giant spiders 2 scorpions an iron piercer 5 horses 2 vampire bats 2 gnome kings an orc mummy 5 Green-elves a rust monster a chickatrice 3 dingos 3 jaguars 2 dwarf lords 4 blue jellies a water nymph a white unicorn a gray unicorn a dust vortex a raven 2 gnome mummies 2 Woodland-elves an ape 9 human zombies a rope golem 2 bugbears an imp 2 wood nymphs 2 rock moles 4 ponies 4 fog clouds a shrieker 3 violet fungi 17 gnome lords 8 gnomish wizards a kobold mummy 4 gray oozes a barrow wight 2 elf zombies a ghoul 2 straw golems 3 giant ants 3 puppies 6 floating eyes 2 kittens 22 dwarves a quasit 3 kobold shamans 5 iguanas 6 hill orcs 14 rothes a rabid rat a centipede 5 jitterbugs 2 giant bats 2 monkeys 5 orc zombies 3 dwarf zombies a werejackal 15 killer bees 5 coyotes 3 gas spores 11 hobbits 4 acid blobs 3 large kobolds 8 geckos 5 hobgoblins 3 giant rats 13 cave spiders 4 brown molds 4 yellow molds 3 green molds 4 red molds 69 gnomes 5 garter snakes 16 manes 3 gnome zombies 10 jackals 6 foxes 2 kobolds 9 newts 4 goblins 3 sewer rats 11 grid bugs 3 bats 7 lichens 4 kobold zombies 521 creatures vanquished. Voluntary challenges: You did not cause conflict. You were not invisible. You did not have reflection. You were not displaced. You had been an atheist until turn 1938. You donated to temples 2 times (receiving 5 points of protection), starting on turn 12132. You received temple protection 2 times, starting on turn 12132. You used a wielded weapon 847 times, starting on turn 6. You did not use plumbed fixtures. You did not drink any magical draughts. You read items or engraved 7 times, starting on turn 2439. You never genocided any monsters. You never polymorphed an object. You never changed form. You completed Sokoban on turn 4846, according to the rules. You used 1 wish, starting on turn 11624. You did not wish for any artifacts. You did not use any artifacts. You never split a pudding. You never wrote Elbereth's name. You never violated your personal moral code. You enabled loading special bones files. Dungeon overview: The Dungeons of Doom: levels 1 to 19 Level 1 some fountains a long staircase Level 2 a vault, a sink Level 3 a general store, a fountain stairs to The Gnomish Mines Level 4 a fountain Level 5 a vault, a fountain Level 6 many fountains Level 7 an altar to Set stairs to Sokoban Level 8 a general store, a fountain Level 9 an empty vault Level 10 some fountains Level 11 a vault, a fountain Level 12 (water + black unicorn) Level 13 (quest entrance) a fountain Level 14 (big room) Level 15 a temple to Mitra Level 16 some fountains, a bench Level 17 Level 18 (rogue) Level 19 <- You were here a bench The Gnomish Mines: levels 4 to 11 Level 4 stairs to The Dungeons of Doom Level 5 Level 6 many shops, a temple to Set, a magic chest, some fountains Level 7 Level 8 Level 9 Level 10 Level 11 a magic chest, a fountain Sokoban: levels 3 to 6 Level 3 a magic chest Level 4 Level 5 Level 6 a magic chest stairs to The Dungeons of Doom History has recorded: On T:1 you entered the Dungeons of Doom to retrieve the Amulet of Yendor! On T:166 you reached level 2 of The Dungeons of Doom. On T:390 you advanced to experience level 2. On T:421 you reached level 3 of The Dungeons of Doom. On T:675 you reached level 4 of The Dungeons of Doom. On T:743 you advanced to experience level 3. On T:769 you reached level 5 of The Dungeons of Doom. On T:1207 you advanced to experience level 4. On T:1381 you reached level 6 of The Dungeons of Doom. On T:1633 you reached level 7 of The Dungeons of Doom. On T:1819 you advanced to experience level 5. On T:1938 you prayed to Set. On T:2235 you reached level 4 of Sokoban. On T:2389 you advanced to experience level 6. On T:2565 you opened a magic chest. On T:3030 you reached level 3 of Sokoban. On T:3287 you reached level 2 of Sokoban. On T:4189 you reached level 1 of Sokoban. On T:4229 you advanced to experience level 7. On T:4846 you advanced to experience level 8. On T:4846 you entered the Sokoban zoo. On T:5445 you reached level 1 of The Gnomish Mines. On T:5605 you reached level 2 of The Gnomish Mines. On T:6174 you reached level 3 of The Gnomish Mines. On T:6709 you reached level 4 of The Gnomish Mines. On T:6824 you entered the Minetown temple On T:7050 you reached level 5 of The Gnomish Mines. On T:7178 you advanced to experience level 9. On T:7196 you reached level 6 of The Gnomish Mines. On T:7709 you reached level 7 of The Gnomish Mines. On T:7872 you reached level 8 of The Gnomish Mines. On T:7872 you reached the bottom of the Mines. On T:9356 you reached level 8 of The Dungeons of Doom. On T:9595 you reached level 9 of The Dungeons of Doom. On T:9825 you reached level 10 of The Dungeons of Doom. On T:10058 you reached level 11 of The Dungeons of Doom. On T:10115 you advanced to experience level 10. On T:10277 you reached level 12 of The Dungeons of Doom. On T:10803 you reached level 13 of The Dungeons of Doom. On T:11624 you wished for "+3 blessed fixed greased gray dragon scales". On T:12480 you reached level 14 of The Dungeons of Doom. On T:13098 you reached level 15 of The Dungeons of Doom. On T:13520 you reached level 16 of The Dungeons of Doom. On T:14463 you reached level 17 of The Dungeons of Doom. On T:14555 you reached level 18 of The Dungeons of Doom. On T:14555 you entered the Rogue tribute level. On T:15004 you reached level 19 of The Dungeons of Doom. Score breakdown: Gold: 678 ( 67 points) Experience: 9 levels ( 800 points) Exploration: 19 levels ( 540 points) Discoveries: 52 items ( 2000 points) Variety of kills: 136 monsters ( 2000 points) Major goal: Sokoban/Mines ( 1500 points) Survival: died (score multiplied by 3) Total score: 20721 Latest messages: You swing your battle-axe in a wide arc. You kill the fire giant! The fire giant zaps a hexagonal wand! You see a puff of smoke. The bolt of fire whizzes by you! o - a foaming potion. z - 4 diamonds. u - a zinc wand. There are several more objects here. There are a few objects here. The fire giant zaps a wand of fire! The bolt of fire hits you! You swing your battle-axe in a wide arc. You smite the fire giant! You put 308 gold pieces into the sack. You put a potion called hallu into the sack. You put a foaming potion into the sack. The fire giant zaps a wand of fire! The bolt of fire hits you! Your boots smoulder! The fire giant zaps a wand of fire! The bolt of fire hits you! You die... Final status: Goodbye woodfighter the Barbarian, killed by a bolt of fire... You died in The Dungeons of Doom on dungeon level 19 with 20721 points, and 678 pieces of gold, after 15044 moves. You were level 9 with a maximum of 68 hit points when you died.